[Event "RUS-ch Women Blitz 2019"]
[Site "Sochi"]
[Date "2019.10.17"]
[Round "14.7"]
[White "Guseva, Marina"]
[Black "Vasilevich, Tatjana"]
[Result "1-0"]
[ECO "E20"]
[WhiteElo "2366"]
[BlackElo "2360"]
[Annotator "NA"]
[PlyCount "114"]
[EventDate "2019.10.17"]
[EventType "swiss"]
[EventCountry "RUS"]
[SourceTitle "playchess.com"]
[Source "ChessBase"]
[SourceQuality "1"]
[TimeControl "180+2"]

1. d4 Nf6 2. c4 e6 3. Nc3 Bb4 4. f3 O-O 5. a3 Bxc3+ 6. bxc3 b6 7. e4 Nc6 8. Bd3 Ba6 9. Be3 Na5 10. Qe2 Ne8 11. e5 d5 12. cxd5 Bxd3 13. Qxd3 Qxd5 14. Nh3 Qc4 15. Qxc4 Nxc4 16. Ke2 c6 17. a4 Nc7 18. Nf4 Nd5 19. Bc1 Nxf4+ 20. Bxf4 a6 21. Rhb1 b5 22. Bc1 f6 23. exf6 gxf6 24. Ba3 Rfe8 25. Bc5 Kf7 26. Ra2 Rg8 27. g3 Rac8 28. axb5 axb5 29. Ra7+ Kg6 30. Rba1 Rg7 31. g4 Rxa7 32. Rxa7 h5 33. gxh5+ Kxh5 34. Re7 e5 35. dxe5 fxe5 36. Bf2 Kg5 37. Bg3 Kf6 38. Rh7 c5 39. Rb7 Nd6 40. Rb6 Ke6 41. f4 Kd5 42. fxe5 Nc4 43. Rxb5 Nxe5 44. c4+ Kxc4 45. Rb7 Re8 46. Kf1 Nd3 47. Kg2 Kc3 48. h4 Rg8 49. Kh3 Rh8 50. Kg4 Rg8+ 51. Kh3 Rh8 52. Bd6 c4 53. Be7 Rh6 54. Bg5 Re6 55. h5 Nc5 56. Rc7 Ne4 57. Bf4 Kd3 1-0

[Event "RUS-ch Women Blitz 2019"]
[Site "Sochi"]
[Date "2019.10.17"]
[Round "14.8"]
[White "Yakimova, Mariya"]
[Black "Ambartsumova, Karina"]
[Result "0-1"]
[ECO "A41"]
[WhiteElo "2276"]
[BlackElo "2341"]
[Annotator "NA"]
[PlyCount "66"]
[EventDate "2019.10.17"]
[EventType "swiss"]
[EventCountry "RUS"]
[SourceTitle "playchess.com"]
[Source "ChessBase"]
[SourceQuality "1"]
[TimeControl "180+2"]

1. d4 d6 2. Nf3 Nd7 3. g3 Ngf6 4. Bg2 e5 5. dxe5 dxe5 6. O-O Be7 7. c4 O-O 8. Nc3 c6 9. Qc2 Qc7 10. Rd1 a5 11. e4 Nc5 12. h3 Ne6 13. Be3 Bc5 14. Bxc5 Nxc5 15. b3 h6 16. Rd2 Be6 17. Rad1 a4 18. b4 Na6 19. b5 Nc5 20. Bf1 Nfd7 21. Rb1 Nb6 22. Nd1 f6 23. Ne3 Rfd8 24. Rbd1 Rxd2 25. Rxd2 Rd8 26. Rxd8+ Qxd8 27. Qd2 Qxd2 28. Nxd2 cxb5 29. cxb5 Bxa2 30. Nf5 Be6 31. Nd6 a3 32. N6c4 Nxc4 33. Nxc4 a2 0-1

[Event "RUS-ch Women Blitz 2019"]
[Site "Sochi"]
[Date "2019.10.17"]
[Round "14.9"]
[White "Vifleemskaia, Svetlana"]
[Black "Kovanova, Baira"]
[Result "0-1"]
[ECO "E46"]
[WhiteElo "1978"]
[BlackElo "2344"]
[Annotator "NA"]
[PlyCount "49"]
[EventDate "2019.10.17"]
[EventType "swiss"]
[EventCountry "RUS"]
[SourceTitle "playchess.com"]
[Source "ChessBase"]
[SourceQuality "1"]
[TimeControl "180+2"]

1. d4 Nf6 2. c4 e6 3. Nc3 Bb4 4. e3 O-O 5. Nge2 d5 6. a3 Be7 7. cxd5 exd5 8. g3 Re8 9. Bg2 c6 10. O-O a5 11. f3 c5 12. Kh1 Nc6 13. Nf4 cxd4 14. exd4 Bf8 15. Nfe2 h6 16. Qd3 b6 17. Bf4 Ba6 18. Qd2 Qd7 19. Rfe1 Bc4 20. Ng1 Qf5 21. Bh3 Qg6 22. Nge2 b5 23. Rac1 a4 24. Be3 Na5 25. Qc2 0-1

[Event "RUS-ch Women Blitz 2019"]
[Site "Sochi"]
[Date "2019.10.17"]
[Round "14.10"]
[White "Gritsayeva, Oksana"]
[Black "Semenova, Elena"]
[Result "1-0"]
[ECO "C85"]
[WhiteElo "2370"]
[BlackElo "2282"]
[Annotator "NA"]
[PlyCount "102"]
[EventDate "2019.10.17"]
[EventType "swiss"]
[EventCountry "RUS"]
[SourceTitle "playchess.com"]
[Source "ChessBase"]
[SourceQuality "1"]
[TimeControl "180+2"]

1. e4 e5 2. Nf3 Nc6 3. Bb5 a6 4. Ba4 Nf6 5. O-O Be7 6. Bxc6 dxc6 7. d3 Nd7 8. Nbd2 O-O 9. Nc4 f6 10. Nh4 c5 11. f4 exf4 12. Bxf4 b5 13. Na5 Bd6 14. Nf5 Ne5 15. Bg3 Bxf5 16. Rxf5 Qd7 17. Nb3 Rad8 18. Qe2 Qe7 19. Nd2 Nc6 20. Bxd6 cxd6 21. Qd1 Nd4 22. Rf2 Rfe8 23. Nf3 Nxf3+ 24. Qxf3 Qe5 25. Rb1 d5 26. exd5 Qxd5 27. Qxd5+ Rxd5 28. Rd1 Kf7 29. Kf1 Rde5 30. g3 a5 31. c3 a4 32. d4 Rd5 33. Rfd2 Red8 34. Ke2 cxd4 35. Rxd4 Rxd4 36. cxd4 Ke6 37. Kd3 Kd6 38. Rc1 Rb8 39. Rc5 g6 40. Ke4 Re8+ 41. Kd3 Rb8 42. Kc3 b4+ 43. Kc4 b3 44. a3 Re8 45. Ra5 Re2 46. Rxa4 Rxb2 47. Rb4 Rb1 48. Rxb3 Rc1+ 49. Kd3 Rd1+ 50. Ke3 Re1+ 51. Kd2 Rh1 1-0

[Event "RUS-ch Women Blitz 2019"]
[Site "Sochi"]
[Date "2019.10.17"]
[Round "14.11"]
[White "Goltseva, Ekaterina"]
[Black "Afonasieva, Anna"]
[Result "1-0"]
[ECO "D10"]
[WhiteElo "2317"]
[BlackElo "2312"]
[Annotator "NA"]
[PlyCount "234"]
[EventDate "2019.10.17"]
[EventType "swiss"]
[EventCountry "RUS"]
[SourceTitle "playchess.com"]
[Source "ChessBase"]
[SourceQuality "1"]
[TimeControl "180+2"]

1. d4 d5 2. c4 c6 3. cxd5 cxd5 4. Bf4 Nc6 5. e3 Nf6 6. Nc3 Bf5 7. Qb3 Na5 8. Qa4+ Bd7 9. Qc2 e6 10. Nf3 Rc8 11. Bd3 Be7 12. h3 O-O 13. O-O h6 14. Ne5 Nc6 15. Qe2 Be8 16. Rac1 Nd7 17. Nxc6 Rxc6 18. e4 Bg5 19. Bxg5 Qxg5 20. f4 Qe7 21. exd5 Rd6 22. Rce1 Nf6 23. dxe6 Rxe6 24. Qf2 Rxe1 25. Rxe1 Qb4 26. a3 Qd6 27. Ne4 Nxe4 28. Bxe4 Bc6 29. Bxc6 bxc6 30. f5 Rd8 31. Re4 Qf6 32. Re5 Rb8 33. b4 Rd8 34. Qe3 Rd6 35. Qe4 Kh7 36. Qe3 Qh4 37. Re4 Qf6 38. Qf4 Rd5 39. Re5 Rd6 40. Kh1 Qd8 41. Re4 Qf6 42. Re5 Qd8 43. Re4 Qf6 44. Qe5 Qd8 45. Rg4 f6 46. Qe4 Rd5 47. Qe3 Qd7 48. Qg3 Rxf5 49. Re4 Rd5 50. Qf4 Rf5 51. Qe3 Qd6 52. Qe1 Rd5 53. Qf2 Qd7 54. Qf4 Rf5 55. Qg3 Rd5 56. Qf4 Rf5 57. Qg3 Rd5 58. Qf2 Rf5 59. Qe1 Rd5 60. Qe3 Rf5 61. Rf4 Rxf4 62. Qxf4 Qd5 63. Qe3 Qf5 64. Kh2 Qd5 65. Qf4 a6 66. Qe3 Qf5 67. Qg3 Qb5 68. Qd6 Kg8 69. Qd8+ Kh7 70. Qd7 Kg6 71. Qe8+ Kh7 72. Qd7 Kg8 73. Qe6+ Kh7 74. Qd6 Kg8 75. Qe6+ Kh7 76. Qb3 Qf5 77. Qe3 Qb5 78. Qe4+ Kg8 79. Qe6+ Kh7 80. Qe4+ Kg8 81. Qe6+ Kh7 82. Qd6 Qc4 83. Qc5 Qf1 84. Qxc6 Qf4+ 85. Kh1 Qf1+ 86. Kh2 Qf4+ 87. g3 Qf2+ 88. Qg2 Qxd4 89. Qc2+ Kg8 90. Qe2 Qd6 91. Qc4+ Kh7 92. Qc2+ Kg8 93. Qb3+ Kh7 94. Qb2 Qd3 95. a4 h5 96. h4 f5 97. b5 axb5 98. axb5 Qe4 99. Qf2 f4 100. gxf4 Qd5 101. b6 Qb7 102. Qd4 Qf3 103. Kg1 Qg4+ 104. Kf1 Qf3+ 105. Ke1 Qh1+ 106. Kd2 Qg2+ 107. Kd3 Qf1+ 108. Kc3 Qa1+ 109. Kc4 Qa4+ 110. Kc5 Qa5+ 111. Kc6 Qa8+ 112. b7 Qe8+ 113. Kb6 Qe6+ 114. Kc7 Qe7+ 115. Kc8 Qe8+ 116. Qd8 Qe6+ 117. Qd7 Qc4+ 1-0

[Event "RUS-ch Women Blitz 2019"]
[Site "Sochi"]
[Date "2019.10.17"]
[Round "14.12"]
[White "Zhurova, Anna"]
[Black "Bivol, Alina"]
[Result "1/2-1/2"]
[ECO "C18"]
[WhiteElo "1987"]
[BlackElo "2371"]
[Annotator "NA"]
[PlyCount "111"]
[EventDate "2019.10.17"]
[EventType "swiss"]
[EventCountry "RUS"]
[SourceTitle "playchess.com"]
[Source "ChessBase"]
[SourceQuality "1"]
[TimeControl "180+2"]

1. e4 e6 2. d4 d5 3. Nc3 Bb4 4. e5 c5 5. a3 Bxc3+ 6. bxc3 Qa5 7. Bd2 Qa4 8. Nf3 Nc6 9. Be3 c4 10. g3 Bd7 11. Bh3 O-O-O 12. Ng5 Rf8 13. f4 h6 14. Nf3 Nge7 15. Nh4 g6 16. Nf3 Rfg8 17. Qd2 Nf5 18. Bxf5 gxf5 19. Qc1 Ne7 20. Qb2 h5 21. Rb1 Qc6 22. Qb4 Ng6 23. h4 a6 24. Ng5 Rg7 25. a4 Re8 26. Bc1 Kb8 27. Ba3 Ka8 28. Kd2 Ne7 29. a5 Nc8 30. Qc5 Qxc5 31. Bxc5 Bb5 32. Rhg1 Kb8 33. Ke3 Kc7 34. Kf3 Kc6 35. Rb2 Ne7 36. Bxe7 Rxe7 37. Rgb1 Rg8 38. Ra2 Rb8 39. Rab2 b6 40. axb6 Rxb6 41. Ra2 Ra7 42. Ra5 Kc7 43. Rba1 Be8 44. R1a2 Kb7 45. Nh7 Rb5 46. R5a3 Rb1 47. Nf6 Bb5 48. Nxh5 Kb6 49. Nf6 Ra8 50. h5 Rh1 51. Kg2 Rd1 52. h6 Rh8 53. h7 Rd2+ 54. Kh3 Rd1 55. Kg2 Rd2+ 56. Kh3 1/2-1/2

[Event "RUS-ch Women Blitz 2019"]
[Site "Sochi"]
[Date "2019.10.17"]
[Round "15.3"]
[White "Voit, Daria"]
[Black "Pogonina, Natalija"]
[Result "0-1"]
[ECO "D30"]
[WhiteElo "2336"]
[BlackElo "2479"]
[Annotator "ChessBase"]
[PlyCount "82"]
[EventDate "2019.10.17"]
[EventType "swiss"]
[EventCountry "RUS"]
[SourceTitle "playchess.com"]
[Source "ChessBase"]
[SourceQuality "1"]
[TimeControl "180+2"]

1. d4 d5 2. c4 e6 3. Nf3 Nf6 4. g3 Bb4+ 5. Bd2 Be7 6. Bg2 O-O 7. O-O Nbd7 8. Qc2 c6 9. Bf4 b6 10. Rd1 Ba6 11. Ne5 Rc8 12. Nc3 Bxc4 13. Nxc4 dxc4 14. e4 b5 15. d5 cxd5 16. exd5 e5 17. Be3 Bc5 18. Bxc5 Rxc5 19. b4 cxb3 20. Qxb3 Qb6 21. d6 Qa5 22. Ne4 Nxe4 23. Bxe4 Nf6 24. Qe3 Rc3 25. Qe1 b4 26. Bf5 g6 27. Bh3 Qc5 28. Rd2 Rd8 29. Rad1 e4 30. Rd4 a5 31. Qd2 a4 32. Qf4 Kg7 33. d7 b3 34. axb3 axb3 35. Rd6 Rf3 36. Qd2 e3 37. fxe3 Ne4 38. Qb2+ Kg8 39. R6d3 Rxe3 40. Rxe3 Qxe3+ 41. Kg2 Ng5 0-1

[Event "RUS-ch Women Blitz 2019"]
[Site "Sochi"]
[Date "2019.10.17"]
[Round "15.4"]
[White "Belenkaya, Dina"]
[Black "Garifullina, Leya"]
[Result "1/2-1/2"]
[ECO "B23"]
[WhiteElo "2300"]
[BlackElo "2330"]
[Annotator "NA"]
[PlyCount "95"]
[EventDate "2019.10.17"]
[EventType "swiss"]
[EventCountry "RUS"]
[SourceTitle "playchess.com"]
[Source "ChessBase"]
[SourceQuality "1"]
[TimeControl "180+2"]

1. e4 c5 2. Nc3 e6 3. g3 d6 4. Bg2 Nc6 5. d3 g6 6. Nf3 Bg7 7. Bg5 Nge7 8. Qd2 h6 9. Be3 Rb8 10. O-O Nd4 11. Ne2 Nxf3+ 12. Bxf3 Bxb2 13. Rab1 Bg7 14. d4 c4 15. d5 exd5 16. exd5 Ra8 17. Nd4 Bh3 18. Rfe1 Qd7 19. Rb4 Rc8 20. c3 g5 21. Bh5 O-O 22. Bf3 a6 23. a4 Bg4 24. Bg2 Bh3 25. Bh1 Nf5 26. Nxf5 Bxf5 27. a5 Bd3 28. Rb6 Rfe8 29. Ra1 Rc7 30. Ra2 Rd8 31. Rab2 Re8 32. Bg2 Qa4 33. h4 gxh4 34. Bxh6 Qa1+ 35. Kh2 hxg3+ 36. fxg3 Re2 37. Qg5 f6 38. Qg4 Rxb2 39. Bxg7 Rxg7 40. Qc8+ Kh7 41. Qh3+ Kg6 42. Qg4+ Kh6 43. Qh4+ Kg6 44. Qg4+ Kh7 45. Qh3+ Kg8 46. Qc8+ Kf7 47. Qd7+ Kg6 48. Qg4+ 1/2-1/2

[Event "RUS-ch Women Blitz 2019"]
[Site "Sochi"]
[Date "2019.10.17"]
[Round "15.5"]
[White "Ambartsumova, Karina"]
[Black "Chernyak, Viktoria"]
[Result "1-0"]
[ECO "A35"]
[WhiteElo "2341"]
[BlackElo "2284"]
[Annotator "NA"]
[PlyCount "67"]
[EventDate "2019.10.17"]
[EventType "swiss"]
[EventCountry "RUS"]
[SourceTitle "playchess.com"]
[Source "ChessBase"]
[SourceQuality "1"]
[TimeControl "180+2"]

1. c4 Nf6 2. Nc3 c5 3. Nf3 Nc6 4. d4 cxd4 5. Nxd4 g6 6. Nc2 Bg7 7. e4 O-O 8. Be2 d6 9. O-O Be6 10. Bd2 a5 11. Rc1 h6 12. Kh1 Ne5 13. b3 Kh7 14. f4 Nc6 15. Bf3 Qb8 16. Nd5 Re8 17. Be3 Ra6 18. Qd3 Bd7 19. Rfd1 Ng4 20. Bg1 h5 21. h3 Nf6 22. Nce3 Nb4 23. Qd2 Nbxd5 24. cxd5 b5 25. Nc2 b4 26. Bd4 Ra8 27. e5 Ng8 28. Ne3 dxe5 29. fxe5 Bxe5 30. Be4 Bxd4 31. Qxd4 Qg3 32. Rf1 Nf6 33. Rf3 Qh4 34. Bxg6+ 1-0

[Event "RUS-ch Women Blitz 2019"]
[Site "Sochi"]
[Date "2019.10.17"]
[Round "15.6"]
[White "Charochkina, Daria"]
[Black "Guseva, Marina"]
[Result "0-1"]
[ECO "A01"]
[WhiteElo "2355"]
[BlackElo "2366"]
[Annotator "NA"]
[PlyCount "74"]
[EventDate "2019.10.17"]
[EventType "swiss"]
[EventCountry "RUS"]
[SourceTitle "playchess.com"]
[Source "ChessBase"]
[SourceQuality "1"]
[TimeControl "180+2"]

1. b3 d5 2. Bb2 c5 3. e3 Nc6 4. Bb5 Bd7 5. f4 a6 6. Bxc6 Bxc6 7. Nf3 f6 8. O-O e6 9. f5 exf5 10. Nh4 g6 11. Qf3 Qd7 12. Qh3 Bg7 13. Nc3 Ne7 14. Rae1 O-O 15. Nd1 Rae8 16. Nf2 Nc8 17. Nd3 b6 18. a4 a5 19. Nf4 g5 20. Nxf5 gxf4 21. Rxf4 Re4 22. Rg4 Rxg4 23. Qxg4 Nd6 24. Nh6+ Kh8 25. Qh4 d4 26. exd4 cxd4 27. Bxd4 Re8 28. Rf1 Ne4 29. c3 Nxd2 30. Rxf6 Nxb3 31. Nf7+ Kg8 32. Nh6+ Bxh6 33. Qxh6 Nxd4 34. Rf1 Ne2+ 35. Kh1 Bxg2+ 36. Kxg2 Qd5+ 37. Rf3 Nxc3 0-1

[Event "RUS-ch Women Blitz 2019"]
[Site "Sochi"]
[Date "2019.10.17"]
[Round "15.7"]
[White "Kovanova, Baira"]
[Black "Gritsayeva, Oksana"]
[Result "1-0"]
[ECO "A04"]
[WhiteElo "2344"]
[BlackElo "2370"]
[Annotator "NA"]
[PlyCount "83"]
[EventDate "2019.10.17"]
[EventType "swiss"]
[EventCountry "RUS"]
[SourceTitle "playchess.com"]
[Source "ChessBase"]
[SourceQuality "1"]
[TimeControl "180+2"]

1. Nf3 c5 2. g3 b6 3. Bg2 Bb7 4. d3 Nf6 5. e4 d6 6. O-O e6 7. Qe2 Be7 8. Nbd2 O-O 9. Re1 Qc7 10. Nf1 Nc6 11. Bf4 Ne5 12. Nxe5 dxe5 13. Be3 Nd7 14. f4 Qd8 15. Nd2 exf4 16. Bxf4 e5 17. Be3 Bg5 18. Nc4 Bxe3+ 19. Nxe3 Re8 20. Rf1 Nb8 21. Qg4 Bc8 22. Nf5 Qf6 23. Rf2 Nc6 24. Raf1 Nd4 25. Qh5 Bxf5 26. exf5 Rad8 27. g4 h6 28. h4 c4 29. g5 hxg5 30. hxg5 Qd6 31. g6 Qf6 32. Be4 cxd3 33. cxd3 Kf8 34. Rg2 Ke7 35. gxf7 Rh8 36. Qg5 Kxf7 37. Qg6+ Kf8 38. Rc1 Qxg6 39. fxg6 Ke7 40. Rf2 Ne6 41. Rf7+ Kd6 42. Rc6# {[%emt 0:00:00] Kd5} 1-0

[Event "RUS-ch Women Blitz 2019"]
[Site "Sochi"]
[Date "2019.10.17"]
[Round "15.9"]
[White "Borisova, Ekaterina"]
[Black "Styazhkina, Anna"]
[Result "1-0"]
[ECO "D11"]
[WhiteElo "2347"]
[BlackElo "2280"]
[Annotator "NA"]
[PlyCount "44"]
[EventDate "2019.10.17"]
[EventType "swiss"]
[EventCountry "RUS"]
[SourceTitle "playchess.com"]
[Source "ChessBase"]
[SourceQuality "1"]
[TimeControl "180+2"]

1. d4 d5 2. c4 c6 3. Nf3 Nf6 4. g3 Bg4 5. Ne5 Bf5 6. cxd5 cxd5 7. Nc3 e6 8. f3 Nc6 9. g4 Bg6 10. h4 h6 11. Nxg6 fxg6 12. Bf4 Bd6 13. Qd2 Bxf4 14. Qxf4 O-O 15. Qd2 b5 16. O-O-O b4 17. Na4 Nd7 18. Kb1 Qf6 19. Bg2 Rab8 20. e4 Na5 21. b3 Nb6 22. Nc5 Qf7 1-0

[Event "RUS-ch Women Blitz 2019"]
[Site "Sochi"]
[Date "2019.10.17"]
[Round "15.10"]
[White "Markelova, Lubov"]
[Black "Vasilevich, Tatjana"]
[Result "0-1"]
[ECO "A05"]
[WhiteElo "2198"]
[BlackElo "2360"]
[Annotator "NA"]
[PlyCount "40"]
[EventDate "2019.10.17"]
[EventType "swiss"]
[EventCountry "RUS"]
[SourceTitle "playchess.com"]
[Source "ChessBase"]
[SourceQuality "1"]
[TimeControl "180+2"]

1. Nf3 Nf6 2. c4 e6 3. e3 d5 4. d4 Be7 5. b3 O-O 6. Bd3 b6 7. Nc3 Bb7 8. cxd5 Nxd5 9. Nxd5 exd5 10. O-O Nd7 11. Bb2 Bd6 12. Rc1 Qe7 13. Rc2 c5 14. dxc5 bxc5 15. Qa1 d4 16. Be2 Ne5 17. Nxe5 Qxe5 18. g3 Qe4 19. f3 Qxc2 20. Bc4 Qg6 0-1

[Event "RUS-ch Women Blitz 2019"]
[Site "Sochi"]
[Date "2019.10.17"]
[Round "15.11"]
[White "Bivol, Alina"]
[Black "Yakimova, Mariya"]
[Result "1-0"]
[ECO "A20"]
[WhiteElo "2371"]
[BlackElo "2276"]
[Annotator "NA"]
[PlyCount "81"]
[EventDate "2019.10.17"]
[EventType "swiss"]
[EventCountry "RUS"]
[SourceTitle "playchess.com"]
[Source "ChessBase"]
[SourceQuality "1"]
[TimeControl "180+2"]

1. c4 e5 2. g3 d6 3. Bg2 f5 4. Nc3 Nf6 5. e3 g6 6. Nge2 Bg7 7. O-O O-O 8. d3 Nc6 9. Rb1 Ne7 10. b4 d5 11. b5 dxc4 12. dxc4 Rb8 13. Qa4 Be6 14. Rd1 Qc8 15. Ba3 Re8 16. Nd5 Nexd5 17. cxd5 Bd7 18. Qb3 Kh8 19. Nc3 Qd8 20. d6 c6 21. bxc6 bxc6 22. Qxb8 Qxb8 23. Rxb8 Rxb8 24. Na4 e4 25. Nc5 Rb5 26. Nb3 Nd5 27. Bf1 Rb8 28. Nc5 Nb6 29. Ba6 Bf6 30. Rb1 Kg7 31. Kg2 h6 32. Bb2 Bxb2 33. Rxb2 Kf7 34. a4 Rd8 35. a5 Nd5 36. Rb7 Nf6 37. Rxa7 Ke8 38. Bc4 Rb8 39. Be6 Bxe6 40. Nxe6 Rb1 41. Re7# 1-0

[Event "RUS-ch Women Blitz 2019"]
[Site "Sochi"]
[Date "2019.10.17"]
[Round "15.12"]
[White "Afonasieva, Anna"]
[Black "Lysenko, Margarita"]
[Result "0-1"]
[ECO "E15"]
[WhiteElo "2312"]
[BlackElo "2243"]
[Annotator "NA RC"]
[PlyCount "128"]
[EventDate "2019.10.17"]
[EventType "swiss"]
[EventCountry "RUS"]
[SourceTitle "playchess.com"]
[Source "ChessBase"]
[SourceQuality "1"]
[TimeControl "180+2"]

1. d4 Nf6 2. Nf3 e6 3. c4 b6 4. g3 Ba6 5. b3 Bb4+ 6. Bd2 Be7 7. Bg2 c6 8. O-O d5 9. Qc2 O-O 10. Bf4 Nbd7 11. Nbd2 Rc8 12. e4 c5 13. exd5 exd5 14. Rfe1 Re8 15. Qb2 cxd4 16. Nxd4 Nc5 17. Qa3 Bb7 18. b4 Na6 19. Nc2 Bf8 20. Qb2 Ba8 21. Bg5 dxc4 22. Rxe8 Qxe8 23. Bxf6 gxf6 24. Qxf6 Bg7 25. Qg5 Bxg2 26. Kxg2 Kh8 27. Re1 Qc6+ 28. Nf3 Nc7 29. Re7 Ne6 30. Qg4 Rf8 31. Kg1 a5 32. bxa5 bxa5 33. Ne3 c3 34. Ne1 Qd6 35. Nf5 Qe5 36. Nd3 Qf6 37. Rd7 Qg6 38. Qf3 Ng5 39. Qf4 Ne6 40. Qf3 c2 41. Rd6 Ng5 42. Qe2 f6 43. Qxc2 Nf3+ 44. Kg2 Qxf5 45. Rc6 Qxd3 46. Qxd3 Ne1+ 47. Kf1 Nxd3 48. Ra6 f5 49. Rxa5 Nb4 50. a3 Nc2 51. Ra7 f4 52. a4 h6 53. a5 fxg3 54. hxg3 Rxf2+ 55. Kg1 Rd2 56. Ra8+ Kh7 57. a6 Bd4+ 58. Kh1 Ne3 59. a7 Ra2 60. Rd8 Bxa7 61. Rd7+ Kg6 62. Rd6+ Kg5 63. Re6 Nf5 64. Rc6 Nxg3# 0-1